 Dungeon Crawl Stone Soup version 0.21.1-1-g345015f (webtiles) character file.

54 letownia2 the Conjurer (level 3, -1/19 HPs)
             Began as a Gargoyle Wizard on Feb 23, 2018.
             Splashed by a jelly's acid (10 damage)
             ... on level 2 of the Dungeon.
             The game lasted 00:03:56 (570 turns).

letownia2 the Conjurer (Gargoyle Wizard)             Turns: 570, Time: 00:03:57

Health: -1/19      AC: -2    Str: 10    XL:     3   Next: 91%
Magic:  3/7        EV: 12    Int: 19    God:
Gold:   50         SH:  0    Dex:  8    Spells: 1/8 levels left

rFire    + . .     SeeInvis .   e - +0 dagger
rCold    x . .     Gourm    .   (no shield)
rNeg     + . .     Faith    .   a - +0 robe
rPois    ∞         Spirit   .   b - +0 hat
rElec    +         Reflect  .   (no cloak)
rCorr    .         Harm     .   (no gloves)
MR       .....                  (no boots)
Stlth    ++........             (no amulet)
HPRegen  0.06/turn              l - ring of fire
MPRegen  0.10/turn              (no ring)

@: corroded
A: negative energy resistance 1, electricity resistance, unbreathing,
petrification resistance, rot immunity, AC +3
a: no special abilities


You were on level 2 of the Dungeon.
You were not hungry.

You visited 1 branch of the dungeon, and saw 2 of its levels.

You collected 50 gold pieces.

Inventory:

Hand Weapons
 e - a +0 dagger (weapon)
Missiles
 i - 26 bolts
Armour
 a - a +0 robe (worn)
 b - a +0 hat (worn)
Jewellery
 l - a ring of fire (left hand)
Scrolls
 f - 2 scrolls of identify {unknown}
 g - 6 scrolls of teleportation {unknown}
 k - a scroll of fog {unknown}
Potions
 h - a potion of flight {unknown}
 j - a potion of invisibility {unknown}
Books
 c - a book of Minor Magic

   Spells                             Type                      Level
   a - Magic Dart                     Conjuration                  1
   b - Blink                          Translocation                2
   c - Call Imp                       Summoning                    2
   d - Slow                           Hexes                        2
   e - Conjure Flame                  Conjuration/Fire             3
   f - Mephitic Cloud                 Conjuration/Poison/Air       3
Comestibles
 d - 4 rations


   Skills:
 - Level 1.5 Dodging
 - Level 2.1 Stealth
 - Level 3.0 Spellcasting
 - Level 3.2 Conjurations
   Level 0.8 Summonings
   Level 0.8 Translocations
 + Level 1.9 Fire Magic


You had one spell level left.
You knew the following spells:

 Your Spells              Type           Power        Failure   Level  Hunger
a - Magic Dart            Conj           ###.         4%          1    None
c - Conjure Flame         Conj/Fire      ###.....     16%         3    ###....
e - Mephitic Cloud        Conj/Pois/Air  #.......     30%         3    ###....


Dungeon Overview and Level Annotations

Branches:
Dungeon (2/15)

Altars:


Innate Abilities, Weirdness & Mutations

You are resistant to torment.
Your stone body is resilient. (AC +3)
You are immune to poison.
You resist negative energy. (rN+)
You are resistant to electric shocks. (rElec)
You can survive without breathing.
You are immune to petrification.
You are immune to rotting.


Message History

The ooze quivers. x5; The ooze jiggles.
Casting: Conjure Flame
Confirm with . or Enter, or press ? or * to list all spells.
Aiming: Conjure Flame
Press: ? - help, Dir - move target cursor You feel a surge of power!
The fire ignites!
You hit the ooze.
The ooze is moderately wounded.
The ooze is engulfed in blazing flames.
The ooze barely misses you.
You hit the ooze but do no damage.
The ooze is almost dead.
The ooze is engulfed in blazing flames.
You kill the ooze!
You hit the jelly. The acid corrodes you!
Your hands burn!
The jelly is lightly wounded.
The jelly is engulfed in blazing flames.
The jelly hits you. The acid corrodes you!
You are splashed with acid!
The acid burns!
Ouch! That really hurt!
You die...

#.#.# ##.#.# .....# ##.##
####### ....#
##########÷.....#
.#..#####......##JP..J..#
.#..#.##.......#J#......#
.#.)..'........#J#J÷..PP#
...(..'........#@#...JJ.#
.#.##.').....#'#†#..JPP.#
.#)##.##.....#.#.#..÷.J.#
.#(######....#.#.#J....P#
.#(# #######.##.....%#
.#.####### ### .#.......#
.###.....# .##......#


You could see 2 jellies and an ooze.

Vanquished Creatures
  7 oozes
  2 leopard geckos (D:1)
  2 goblins (D:1)
  A hobgoblin (D:1)
  A quokka (D:2)
  A ball python (D:1)
  9 kobolds
  A rat (D:2)
24 creatures vanquished.

Vanquished Creatures (others)
  11 toadstools (D:2)
11 creatures vanquished.

Grand Total: 35 creatures vanquished

Notes
Turn   | Place    | Note
-------+----------+-------------------------------------------
     0 | D:1      | letownia2 the Gargoyle Wizard began the quest for the Orb.
     0 | D:1      | Reached XP level 1. HP: 10/10 MP: 4/4
   150 | D:1      | Reached XP level 2. HP: 15/15 MP: 3/6
   439 | D:2      | Reached XP level 3. HP: 6/19 MP: 0/7
   444 | D:2      | Learned a level 3 spell: Mephitic Cloud
   448 | D:2      | Learned a level 3 spell: Conjure Flame
   520 | D:2      | Reached skill level 1 in Fire Magic
   570 | D:2      | Splashed by a jelly's acid

Skill      XL: |  1  2  3 |
---------------+----------+-----
Conjurations   | 2 3 |  3.2
Fire Magic     | 1 |  1.9
Dodging        | |  1.5
Stealth        | |  2.1
Spellcasting   | |  3.0
Summonings     | |  0.8
Translocations | |  0.8

Action                   || total
-------------------------++-------
Melee: Unarmed           ||     3
       Dagger            ||    19
 Cast: Magic Dart        ||    39
       Conjure Flame     ||     2
Armor: Robe              ||    15
Dodge: Dodged            ||    18
